 Dungeon Crawl Stone Soup version 0.28.0-45-g0d030f2227 (webtiles) character file.

Game seed: 5709971551369612821

16120 prikolics the Covert (level 12, 0/99 HPs)
             Began as a Gnoll Delver on Apr 18, 2022.
             Was a Believer of Ashenzari.
             Slain by a molten gargoyle
             ... wielding a +0 mace
              (6 damage)
             ... on level 10 of the Dungeon.
             The game lasted 01:40:32 (16095 turns).

prikolics the Covert (Gnoll Delver)                Turns: 16095, Time: 01:40:33

Health: 0/99       AC: 13    Str: 13    XL:     12   Next: 34%
Magic:  33/33      EV: 15    Int: 13    God:    Ashenzari [**....]
Gold:   438        SH:  6    Dex: 14    Spells: 21/27 levels left

rFire   + . .      SeeInvis +   s - +1 hand axe (freeze)
rCold   + . .      Faith    .   x - +0 buckler of the Wild Blue Yonder {Fort, Elem} (curse)
rNeg    . . .      Spirit   .   q - +2 steam dragon scales "Shattered With Me" {Self, Evo} (curse)
rPois   +          Reflect  .   i - +0 helmet "Gnostic Omen" {Comp, Melee} (curse)
rElec   +          Harm     .   (no cloak)
rCorr   +          Rampage  .   (no gloves)
Will    .....                   h - +2 pair of boots "Bound Omen" {Evo, Comp} (curse)
Stlth   +++++.....              (no amulet)
HPRegen 0.26/turn               y - ring of flight
MPRegen 0.23/turn               z - ring of magical power

@: resistant, flying
A: fangs 1, strong nose, distributed training
a: Renounce Religion, Shatter the Chains


You were on level 10 of the Dungeon.
You worshipped Ashenzari.
Ashenzari was pleased with you.
You visited 3 branches of the dungeon, and saw 13 of its levels.

You collected 618 gold pieces.
You spent 180 gold pieces at shops.

Inventory:

Hand Weapons
 a - a +0 spear
 e - a +5 hand axe
 r - a +2 whip of electrocution
 s - a +1 hand axe of freezing (weapon)
 w - a +2 flail of protection
 E - a +1 vampiric falchion
 G - a +2 dagger of venom
 K - a +3 war axe
Missiles
 j - 56 bolts
 C - 32 poisoned darts (quivered)
 D - 6 javelins
 H - 3 curare-tipped darts
 I - 2 throwing nets
Armour
 b - a +0 leather armour
 h - the cursed +2 pair of boots "Bound Omen" (worn) {Evo, Comp}
   (You found it on level 5 of the Dungeon)

   It has a curse which improves the following skills: Evocations: Evocations.
   Companions: Summonings and Necromancy.
 i - the cursed +0 helmet "Gnostic Omen" (worn) {Comp, Melee}
   (You found it on level 5 of the Dungeon)

   It has a curse which improves the following skills: Companions: Summonings
   and Necromancy.
   Melee Combat: Short Blades, Long Blades, Axes, Maces & Flails, Polearms,
   Staves and Unarmed Combat.
 n - the +1 chain mail "Deanke" {Harm Str+3}
   (You found it on level 3 of the Dungeon)

   Str:       It affects your strength (+3).
   Harm:      It increases damage dealt and taken.
 q - the cursed +2 steam dragon scales "Shattered With Me" (worn) {Self, Evo}
   (You took it off Maggie on level 7 of the Dungeon)

   It has a curse which improves the following skills: Introspection: Fighting
   and Spellcasting.
   Evocations: Evocations.
 x - the cursed +0 buckler of the Wild Blue Yonder (worn) {Fort, Elem}
   (You found it on level 1 of the Dungeon)

   It has a curse which improves the following skills: Fortitude: Armour and
   Shields.
   Elements:  Fire Magic, Ice Magic, Air Magic and Earth Magic.
Magical Staves
 f - a staff of death
Jewellery
 o - an amulet of guardian spirit
 y - a ring of flight (left hand)
 z - a ring of magical power (right hand)
Wands
 g - a wand of digging (2)
 t - a wand of polymorph (8)
 J - a wand of charming (3)
 L - a wand of acid (6)
Scrolls
 c - 3 scrolls of fog
 d - 2 scrolls of magic mapping
 k - 2 scrolls of teleportation
 l - a scroll of immolation
 p - 2 scrolls of identify
 u - a scroll of brand weapon
 v - a scroll of enchant armour
 B - 3 scrolls of enchant weapon
Potions
 A - 2 potions of mutation
Miscellaneous
 F - a tin of tremorstones (inert)


   Skills:
 + Level 9.7(10.9) Fighting
 + Level 7.0(8.3) Short Blades
 + Level 7.0(8.3) Long Blades
 + Level 7.0(8.3) Axes
 + Level 7.0(8.3) Maces & Flails
 + Level 8.5(9.8) Polearms
 + Level 7.0(8.3) Staves
 + Level 7.0 Slings
 + Level 7.0 Bows
 + Level 7.0 Crossbows
 + Level 7.0 Throwing
 + Level 7.0(8.3) Armour
 + Level 8.5 Dodging
 + Level 11.8 Stealth
 + Level 7.0(8.3) Shields
 + Level 7.0(8.3) Unarmed Combat
 + Level 7.0(8.3) Spellcasting
 + Level 5.8 Conjurations
 + Level 5.8 Hexes
 + Level 5.8(7.7) Summonings
 + Level 5.8(7.7) Necromancy
 + Level 5.8 Translocations
 + Level 5.8 Transmutations
 + Level 5.8(7.1) Fire Magic
 + Level 5.8(7.1) Ice Magic
 + Level 5.8(7.1) Air Magic
 + Level 5.8(7.1) Earth Magic
 + Level 5.8 Poison Magic
 + Level 7.7 Invocations
 + Level 7.0(9.0) Evocations


You had 21 spell levels left.
You knew the following spells:

 Your Spells              Type           Power      Damage    Failure   Level
a - Vampiric Draining     Necr           25%        2d7       1%          3
b - Stone Arrow           Conj/Erth      44%        3d9       3%          3

Your spell library contained the following spells:

 Spells                   Type           Power      Damage    Failure   Level
 Animate Skeleton         Necr           50%        N/A       1%          1
 Pain                     Necr           100%       1d9       1%          1
 Sandblast                Erth           46%        2d11      1%          1
 Shock                    Conj/Air       88%        1d8       1%          1
 Passwall                 Tmut/Erth      18%        N/A       1%          2
 Gell's Gravitas          Tloc           20%        N/A       4%          3
 Teleport Other           Tloc           20%        N/A       4%          3
 Fireball                 Conj/Fire      11%        3d7       32%         5
 Starburst                Conj/Fire      11%        6d5       87%         6
 Dispersal                Tloc           10%        N/A       92%         6
 Ignition                 Fire           11%        3d5       100%        8


Dungeon Overview and Level Annotations

Branches:
Dungeon (11/15)            Temple (1/1) D:7            Lair (1/6) D:8
    Orc (0/2) D:9

Altars:
Ashenzari
Cheibriados
Dithmenos
Elyvilon
Fedhas
Gozag
Hepliaklqana
Kikubaaqudgha
Makhleb
Nemelex Xobeh
Okawaru
Qazlal
Ru
Sif Muna
Trog
Uskayaw
Vehumet
Wu Jian
Xom
Yredelemnul
Zin
The Shining One

Shops:
D:1 *

Annotations:
D:5 Grinder


Innate Abilities, Weirdness & Mutations

You have very sharp teeth.
Your uncanny sense of smell can sniff out nearby items.
Your experience applies equally to all skills.


Message History

The molten gargoyle is severely damaged.
You block the molten gargoyle's attack.
You closely miss the molten gargoyle.
You bite the molten gargoyle, but do no damage.
The molten gargoyle is severely damaged.
The molten gargoyle misses you.
You hit the molten gargoyle but do no damage.
The molten gargoyle is severely damaged.
The molten gargoyle hits you with a +0 mace!
* * * LOW HITPOINT WARNING * * *
You are engulfed in flames!
* * * LOW HITPOINT WARNING * * *
Okay, then.
You feel protected. You block the molten gargoyle's attack.
You feel better. The molten gargoyle misses you.
You barely miss the molten gargoyle.
The molten gargoyle is severely damaged.
You hit the molten gargoyle but do no damage.
The molten gargoyle is severely damaged.
The molten gargoyle completely misses you.
You hit the molten gargoyle. You freeze the molten gargoyle.
The molten gargoyle is severely damaged.
You block the molten gargoyle's attack.
You barely miss the molten gargoyle.
You bite the molten gargoyle, but do no damage.
The molten gargoyle is severely damaged.
The molten gargoyle hits you with a +0 mace!
* * * LOW HITPOINT WARNING * * *
You are engulfed in flames.
You resist.
* * * LOW HITPOINT WARNING * * *
You barely miss the molten gargoyle. You bite the molten gargoyle.
The molten gargoyle is severely damaged.
The molten gargoyle closely misses you.
You hit the molten gargoyle but do no damage.
The molten gargoyle is severely damaged.
The molten gargoyle hits you with a +0 mace.
* * * LOW HITPOINT WARNING * * *
You are engulfed in flames.
You resist.
You die...

..#)................>(.....####..
..#..[......######...............
..#[.[......#....#...######......
..#..#####..#....#...'....#....).
..#..# ,#..+....#...#....#......
..#..#...#..#....#...#....#......
..'..#...#..'....#...######.#####
..#..#...#..#....#..........#
..#..#...#.##...@#..........#
..'..#...#.#....9##...........
..#..#...#.#.....(#........... *
..#..#...#.#.....#.#.#.#.#.#..,
###..#...'.#....#.#.#.#.#. ...
.....#####.#.....#...≈9§...*..
>..........'...[#..§≈≈≈§§.#. .
...........##+##.#)≈§≈≈≈§≈ #.
##..............#..9§88≈≈.*


You could see a molten gargoyle.

Vanquished Creatures
  A two-headed ogre (D:8)
  Joseph (D:7)
  A molten gargoyle (D:10)
  Maggie (D:7)
  A troll (D:10)
  A hornet (D:8)
  Sigmund (D:6)
  A shadow (D:10)
  5 wyverns
  6 yaks
  A basilisk (D:8)
  A steam dragon (D:7)
  6 orc warriors
  3 water moccasins
  4 ice beasts
  2 black bears
  A sky beast (D:8)
  2 ogres
  2 centaurs
  7 kobold brigands
  3 bullfrogs
  A gnoll sergeant (D:7)
  5 scorpions
  A water moccasin zombie (D:6)
  A wyvern skeleton (D:6)
  A water moccasin skeleton (D:6)
  4 wights (D:10)
  3 howler monkeys (D:9)
  6 centaur zombies
  2 bullfrog zombies (D:6)
  A hound (D:6)
  An orc priest (D:8)
  2 jellies
  3 centaur skeletons
  3 gnoll shamans
  7 orc wizards
  2 iguanas
  A killer bee zombie (D:8)
  A hound zombie (D:3)
  A hound skeleton (D:5)
  2 howler monkey zombies
  A howler monkey skeleton (D:4)
  8 adders
  14 gnolls
  4 shadow imps
  2 white imps
  5 worms
  3 dart slugs
  21 orcs
  9 endoplasms
  3 giant cockroaches
  9 goblins
  2 hobgoblins (D:2)
  3 jackals (D:5)
  6 quokkas
  8 ball pythons
  2 bats
  3 frilled lizards
  17 kobolds
  4 rats
223 creatures vanquished.

Vanquished Creatures (others)
  An orc wizard (D:7)
  A fungus (D:8)
  74 plants
76 creatures vanquished.

Grand Total: 299 creatures vanquished

Notes
Turn   | Place    | Note
-------+----------+-------------------------------------------
     0 | D:5      | Reached skill level 9 in Stealth
     0 | D:5      | prikolics the Gnoll Delver began the quest for the Orb.
     0 | D:5      | Reached XP level 1. HP: 23/23 MP: 1/1
    11 | D:5      | Noticed an iguana
    77 | D:5      | Noticed a scorpion
   191 | D:7      | Noticed a wyvern
   259 | D:4      | You fall into a shaft and drop 1 floor!
   287 | D:5      | Noticed a gnoll shaman
   459 | D:4      | Noticed an ogre
   606 | D:4      | Noticed a scorpion
   646 | D:3      | Reached XP level 2. HP: 29/29 MP: 2/2
  1029 | D:3      | Identified the +1 chain mail "Deanke" {Harm Str+3}
  1405 | D:4      | Reached XP level 3. HP: 35/35 MP: 3/3
  1459 | D:4      | Reached skill level 1 in Short Blades
  1459 | D:4      | Reached skill level 1 in Long Blades
  1459 | D:4      | Reached skill level 1 in Axes
  1459 | D:4      | Reached skill level 1 in Maces & Flails
  1459 | D:4      | Reached skill level 1 in Staves
  1459 | D:4      | Reached skill level 1 in Slings
  1459 | D:4      | Reached skill level 1 in Bows
  1459 | D:4      | Reached skill level 1 in Crossbows
  1459 | D:4      | Reached skill level 1 in Throwing
  1459 | D:4      | Reached skill level 1 in Armour
  1459 | D:4      | Reached skill level 1 in Shields
  1459 | D:4      | Reached skill level 1 in Unarmed Combat
  1459 | D:4      | Reached skill level 1 in Spellcasting
  1459 | D:4      | Reached skill level 1 in Invocations
  1459 | D:4      | Reached skill level 1 in Evocations
  1468 | D:4      | Reached XP level 4. HP: 35/41 MP: 3/5
  1600 | D:4      | Noticed an ice beast
  1616 | D:4      | Reached skill level 1 in Conjurations
  1616 | D:4      | Reached skill level 1 in Hexes
  1616 | D:4      | Reached skill level 1 in Summonings
  1616 | D:4      | Reached skill level 1 in Necromancy
  1616 | D:4      | Reached skill level 1 in Translocations
  1616 | D:4      | Reached skill level 1 in Transmutations
  1616 | D:4      | Reached skill level 1 in Fire Magic
  1616 | D:4      | Reached skill level 1 in Ice Magic
  1616 | D:4      | Reached skill level 1 in Air Magic
  1616 | D:4      | Reached skill level 1 in Earth Magic
  1616 | D:4      | Reached skill level 1 in Poison Magic
  1912 | D:5      | Reached XP level 5. HP: 41/47 MP: 5/7
  2521 | D:5      | Reached XP level 6. HP: 53/53 MP: 8/8
  2833 | D:5      | Reached skill level 5 in Polearms
  2833 | D:5      | Reached skill level 5 in Dodging
  2897 | D:5      | Reached XP level 7. HP: 26/59 MP: 10/10
  3600 | D:5      | Noticed Grinder
  4188 | D:2      | Found a glowing golden altar of the Shining One.
  4500 | D:2      | Found a faded altar of an unknown god.
  4506 | D:2      | Got Plato's Guide on Battle Magic
  5307 | D:1      | Reached skill level 10 in Stealth
  5918 | D:1      | Found Zith's Assorted Antiques.
  5926 | D:1      | Bought a runed iron ring for 90 gold pieces
  5926 | D:1      | Bought a notched tourmaline ring for 90 gold pieces
  6343 | D:4      | Reached XP level 8. HP: 45/67 MP: 12/12
  7888 | D:7      | Killed a wyvern
  8173 | D:6      | Reached XP level 9. HP: 35/72 MP: 14/14
  8441 | D:6      | Noticed Sigmund
  9317 | D:6      | Killed Sigmund
  9862 | D:7      | Noticed Maggie
  9880 | D:7      | Killed Maggie
  9881 | D:7      | Reached skill level 5 in Invocations
  9903 | D:7      | Noticed Joseph
  9933 | D:7      | Killed Joseph
  9936 | D:7      | Reached XP level 10. HP: 45/80 MP: 17/17
 10356 | D:7      | Found a staircase to the Ecumenical Temple.
 10373 | Temple   | Entered the Ecumenical Temple
 10499 | Temple   | Became a worshipper of Ashenzari the Shackled
 11053 | D:8      | Found a staircase to the Lair.
 11116 | D:8      | Reached skill level 5 in Short Blades
 11116 | D:8      | Reached skill level 5 in Long Blades
 11116 | D:8      | Reached skill level 5 in Axes
 11116 | D:8      | Reached skill level 5 in Maces & Flails
 11116 | D:8      | Reached skill level 5 in Staves
 11116 | D:8      | Reached skill level 5 in Slings
 11116 | D:8      | Reached skill level 5 in Bows
 11116 | D:8      | Reached skill level 5 in Crossbows
 11116 | D:8      | Reached skill level 5 in Throwing
 11116 | D:8      | Reached skill level 5 in Armour
 11116 | D:8      | Reached skill level 5 in Shields
 11116 | D:8      | Reached skill level 5 in Unarmed Combat
 11116 | D:8      | Reached skill level 5 in Spellcasting
 11116 | D:8      | Reached skill level 5 in Evocations
 12174 | D:8      | Identified the cursed +2 steam dragon scales "Shattered
                  | With Me" {Self, Evo} (You took it off Maggie on level 7 of
                  | the Dungeon)
 12477 | D:8      | Paralysed by a hornet for 1 turns
 12541 | D:10     | Entered Level 10 of the Dungeon
 12843 | D:10     | Reached skill level 11 in Stealth
 12960 | D:9      | Found a blossoming altar of Fedhas.
 12991 | D:9      | Found a staircase to the Orcish Mines.
 13400 | D:9      | HP: 4/83 [poisoned by an orc wizard]
 13416 | D:9      | HP: 2/83 [kobold brigand/+0 whip (4)]
 13833 | D:8      | Noticed a two-headed ogre
 13836 | D:8      | Killed a two-headed ogre
 14071 | D:8      | Reached XP level 11. HP: 44/89 MP: 20/20
 14360 | D:8      | Learned a level 3 spell: Vampiric Draining
 14395 | Lair:1   | Entered Level 1 of the Lair of Beasts
 14395 | Lair:1   | Noticed a six-headed hydra
 14402 | D:8      | Learned a level 3 spell: Stone Arrow
 14408 | D:8      | Reached * piety under Ashenzari
 15027 | D:9      | Reached skill level 5 in Conjurations
 15027 | D:9      | Reached skill level 5 in Hexes
 15027 | D:9      | Reached skill level 5 in Summonings
 15027 | D:9      | Reached skill level 5 in Necromancy
 15027 | D:9      | Reached skill level 5 in Translocations
 15027 | D:9      | Reached skill level 5 in Transmutations
 15027 | D:9      | Reached skill level 5 in Fire Magic
 15027 | D:9      | Reached skill level 5 in Ice Magic
 15027 | D:9      | Reached skill level 5 in Air Magic
 15027 | D:9      | Reached skill level 5 in Earth Magic
 15027 | D:9      | Reached skill level 5 in Poison Magic
 15380 | D:10     | Reached ** piety under Ashenzari
 15802 | D:10     | Reached XP level 12. HP: 99/99 MP: 24/24
 16095 | D:10     | Slain by a molten gargoyle

Illustrated notes

Levels and vault maps discovered:
D:1:      dpeg_arrival_orchard, layout_loops_ring, serial_shops, shop,
          minmay_stone_trees_medium, nicolae_wormholes
D:2:      layout_basic, shapermc_ecumenical_altar_rom_forum, serial_forest,
          infiniplex_forest_clump_cross, infiniplex_forest_split,
          infiniplex_forest_end_1, infiniplex_forest_straight_3,
          infiniplex_forest_clump_medium, infiniplex_forest_clump_diagonal,
          basic_altar
D:3:      layout_loops_corners
D:4:      layout_loops_ring, hex_medium
D:5:      layout_loops_corners, serial_bayou, serial_bayou_shore_a,
          serial_bayou_lake_a, serial_bayou_pond_b, serial_bayou_lagoon_a,
          kennysheep_potato, uniq_grinder
D:6:      layout_gridville, serial_rivers, chequers_serial_rivers_small_a,
          chequers_serial_rivers_micro_a, chequers_serial_rivers_micro_c,
          chequers_serial_rivers_small_b, portal_sewer_entry_b,
          item_on_display_a, uniq_sigmund
D:7:      layout_rooms, minmay_temple_entry_large_hall, uniq_maggie, uniq_joseph
D:8:      minmay_octagon_keep, layout_cave_pods, david_lair_generic
D:9:      layout_roguey, fedhas_altar_2, orc_david_3, special_room
          [special_room_kobold]
D:10:     layout_irregular_city, minivault_8
D:11:     minmay_inner_zag, layout_loops_ring, nicolae_ru_sacrificial_ziggurat
Temple:   kilobyte_greek_temple
Lair:1:   layout_gridlike

Skill      XL: |  1  2  3  4  5  6  7  8  9 10 11 |
---------------+----------------------------------+-----
Stealth        | 10 11 | 11.8
Short Blades   | 1 2 3 4 5 7 |  7.0
Long Blades    | 1 2 3 4 5 7 |  7.0
Axes           | 1 2 3 4 5 7 |  7.0
Maces & Flails | 1 2 3 4 5 7 |  7.0
Staves         | 1 2 3 4 5 7 |  7.0
Slings         | 1 2 3 4 5 7 |  7.0
Bows           | 1 2 3 4 5 7 |  7.0
Crossbows      | 1 2 3 4 5 7 |  7.0
Throwing       | 1 2 3 4 5 7 |  7.0
Armour         | 1 2 3 4 5 7 |  7.0
Shields        | 1 2 3 4 5 7 |  7.0
Unarmed Combat | 1 2 3 4 5 7 |  7.0
Spellcasting   | 1 2 3 4 5 7 |  7.0
Invocations    | 1 2 3 4 5 6 7 |  7.7
Evocations     | 1 2 3 4 5 7 |  7.0
Conjurations   | 1 2 3 4 5 |  5.8
Hexes          | 1 2 3 4 5 |  5.8
Summonings     | 1 2 3 4 5 |  5.8
Necromancy     | 1 2 3 4 5 |  5.8
Translocations | 1 2 3 4 5 |  5.8
Transmutations | 1 2 3 4 5 |  5.8
Fire Magic     | 1 2 3 4 5 |  5.8
Ice Magic      | 1 2 3 4 5 |  5.8
Air Magic      | 1 2 3 4 5 |  5.8
Earth Magic    | 1 2 3 4 5 |  5.8
Poison Magic   | 1 2 3 4 5 |  5.8
Polearms       | 5 6 7 8 |  8.5
Dodging        | 5 6 7 8 |  8.5
Fighting       | 7 8 9 |  9.7

Action                   |  1- 3 |  4- 6 |  7- 9 | 10-12 || total
-------------------------+-------+-------+-------+-------++-------
Melee: Spear             |    87 |    22 |    29 |     3 ||   141
       Bite              |     7 |    11 |    76 |   106 ||   200
       Punch             |     2 |     1 |     2 |       ||     5
       Hand axe          |       |    82 |   500 |   260 ||   842
       Falchion          |       |       |       |   105 ||   105
       Whip              |       |       |       |    99 ||    99
       Flail             |       |       |       |    30 ||    30
       Staff             |       |       |       |   183 ||   183
       Dagger            |       |       |       |     3 ||     3
Throw: Dart              |       |    17 |    21 |    38 ||    76
       Javelin           |       |       |       |     7 ||     7
 Cast: Vampiric Draining |       |       |       |    15 ||    15
Invok: Curse Item        |       |       |       |     4 ||     4
Evoke: Wand              |       |       |     7 |    10 ||    17
       Tin of tremorston |       |       |       |     2 ||     2
  Use: Scroll            |       |       |     9 |     7 ||    16
       Potion            |       |       |    11 |     4 ||    15
 Stab: Sleeping          |    10 |     2 |    19 |     8 ||    39
       Distracted        |       |       |     1 |     1 ||     2
       Paralysed         |       |       |    35 |     7 ||    42
Armor: Leather armour    |    24 |    37 |   126 |       ||   187
       Steam dragon scal |       |       |     3 |   241 ||   244
       Skin              |       |       |     1 |     2 ||     3
Dodge: Dodged            |    39 |    69 |   302 |   416 ||   826
Block: Buckler           |       |       |    84 |   162 ||   246
